Map: Acid Plant LE

Players

Börni - Winner!

  • Race: Terran Terran
  • League: Gold
  • Spawn Location: 5:00

tglanz

  • Race: Zerg Zerg
  • Spawn Location: 11:00

VOD

Have the link to the VOD?

Description

Time

  • Played on: June 17, 2018, 1:30 p.m.
  • Length: 15:18
Show
View Real Time Build Order
Export as new Build Order

Börni Terran - Winner!

Build Orders:  

Get SALT Encoding   

  12  0:01  SCV  
  13  0:15  Supply Depot  
  13  0:18  SCV  
  14  0:30  SCV  
  15  0:41  Barracks  
  15  0:44  SCV  
  15  0:48  Refinery  
  16  0:57  SCV  
  17  1:09  SCV  
  19  1:28  Orbital Command  
  19  1:32  Supply Depot  
  18  1:38  Barracks Reactor  
  18  1:53  SCV, Command Center  
  19  2:05  SCV  
  20  2:11  Barracks  
  20  2:14  Marine x2  
  22  2:20  SCV  
  23  2:24  Refinery  
  23  2:33  SCV  
  23  2:36  Marine x2  
  26  2:48  Factory  
  26  2:53  SCV  
  27  3:00  Barracks Reactor  
  27  3:05  Marine  
  27  3:06  Marine  
  29  3:19  SCV  
  30  3:24  Marine x2  
  32  3:29  Barracks  
  32  3:31  Barracks  
  32  3:32  Factory Reactor  
  32  3:38  Starport  
  32  3:42  Marine x3  
  32  3:47  SCV  
  37  3:52  Orbital Command  
  36  4:02  Supply Depot, Marine  
  37  4:04  Marine  
  37  4:08  SCV  
  39  4:26  Barracks Tech Lab  
  39  4:27  Barracks Reactor  
  39  4:28  Marine  
  39  4:30  Factory Tech Lab  
  39  4:31  Marine x3  
  43  4:42  Engineering Bay  
  43  4:45  SCV x2  
  45  4:46  Marine  
  45  4:49  Marine  
  47  4:53  Supply Depot  
  47  4:59  Combat Shield  
  47  5:06  SCV x2  
  49  5:08  Medivac  
  49  5:10  Medivac  
  53  5:18  Siege Tank, SCV x2  
  58  5:24  Terran Infantry Weapons Level 1  
  58  5:30  SCV x2  
  58  5:31  Marine x2  
  62  5:39  Supply Depot  
  62  5:44  Supply Depot  
  62  6:00  SCV x2, Marine x2, Medivac x2  
  70  6:05  Marine  
  71  6:12  Refinery  
  71  6:13  SCV x2  
  71  6:16  Refinery  
  73  6:20  Marine x5  
  78  6:27  Command Center  
  78  6:31  Supply Depot x2  
  78  6:35  Liberator  
  78  6:36  Liberator  
  78  6:52  SCV x2, Marine x2  
  88  6:55  Marine x3  
  88  6:56  Marine x2  
  93  7:04  SCV  
  94  7:10  Supply Depot  
  94  7:11  Supply Depot  
  94  7:17  Supply Depot  
  94  7:22  Marine  
  94  7:32  SCV x2, Marine x6  
  94  7:34  Siege Tank  
  105  7:40  Marine  
  106  7:44  SCV x2  
  108  7:56  SCV  
  108  7:57  Marine  
  108  7:58  Marine x6  
  113  8:01  Terran Infantry Armor Level 1  
  116  8:15  Armory, Marine  
  116  8:16  Stimpack  
  114  8:21  Marine x6  
  120  8:28  Supply Depot  
  120  8:32  Planetary Fortress  
  120  8:33  Marine  
  121  8:39  SCV, Marine x2  
  121  8:40  SCV  
  122  8:51  Supply Depot, SCV  
  122  8:52  SCV  
  122  8:55  Marine x5  
  128  8:56  Marine  
  128  8:57  Marine  
  128  8:59  Siege Tank  
  128  9:00  Medivac  
  128  9:02  Medivac  
  138  9:04  SCV  
  138  9:07  Supply Depot  
  138  9:09  Supply Depot  
  139  9:12  Marine  
  139  9:13  Marine x3  
  139  9:15  Engineering Bay  
  143  9:26  Marine x3  
  143  9:30  Marine x2  
  143  9:31  Siege Tank, Marine  
  152  9:36  Supply Depot x3  
  152  9:42  SCV x3  
  154  9:54  SCV x3  
  157  10:16  Supply Depot  
  157  10:17  Terran Infantry Weapons Level 2  
  157  10:18  Terran Infantry Armor Level 2  
  157  10:24  Marine x7  
  164  10:39  Supply Depot  
  164  10:41  Marine x2  
  164  10:42  Marine x5  
  171  10:58  SCV x2  
  171  10:59  SCV, Marine x2  
  171  11:00  Marine x3  
  171  11:01  Supply Depot, Marine x2  
  181  11:05  Supply Depot  
  181  11:10  SCV  
  182  11:17  Marine x2  
  182  11:18  Marine x4  
  184  11:19  Marine  
  184  11:25  Supply Depot  
  189  11:26  Barracks  
  189  11:27  Barracks  
  189  11:31  Barracks  
  189  11:34  Barracks  
  189  11:35  Marine x2  
  189  11:36  Marine x3  
  192  12:31  Supply Depot x2  
  192  12:32  Supply Depot, Barracks Reactor x2  
  192  12:33  Supply Depot  
  188  12:39  Supply Depot  
  176  12:45  Barracks Reactor  
  176  12:52  Marine x7  
  183  13:01  Supply Depot  
  183  13:03  Supply Depot  
  183  13:04  Supply Depot  
  183  13:06  Supply Depot  
  183  13:08  Marine x3  
  183  13:09  Supply Depot  
  183  13:10  Marine x7  
  188  13:21  Marine x3  
  188  13:26  Marine x3  
  191  13:28  Marine x7  
  198  13:38  Marine  
  198  13:39  Barracks Reactor  
  192  13:45  Marine x3  
  192  13:46  Marine  
  195  14:03  Marine  
  195  14:04  Marine x4  
  198  14:16  Marine x6  
  198  14:17  Marine x3, Reaper  
  195  14:21  Marine  
Show
View Real Time Build Order
Export as new Build Order

tglanz Zerg 

Build Orders: Hatch First, Swarm Host 

Get SALT Encoding   

  12  0:01  Drone  
  13  0:13  Overlord  
  13  0:18  Drone  
  14  0:31  Drone x2  
  16  0:36  Drone  
  17  0:51  Drone  
  18  1:00  Hatchery  
  18  1:01  Drone  
  18  1:07  Extractor  
  17  1:18  Spawning Pool  
  16  1:19  Drone  
  16  1:22  Drone  
  18  1:30  Drone  
  19  1:40  Overlord  
  19  2:04  Zergling x2  
  19  2:05  Zergling x2  
  19  2:07  Queen  
  23  2:11  Queen  
  25  2:20  Drone x2  
  27  2:26  Metabolic Boost  
  27  2:29  Drone x2  
  29  2:36  Drone x2  
  31  2:47  Drone x2  
  33  2:54  Queen  
  35  3:11  Overlord  
  35  3:20  Hatchery  
  34  3:29  Queen  
  36  3:35  Overlord x2  
  36  3:53  Drone  
  36  3:54  Drone x6  
  43  4:34  Drone  
  43  4:35  Drone x6  
  43  4:38  Overlord x4  
  50  5:02  Zergling x2  
  50  5:03  Zergling x10  
  56  5:39  Drone  
  56  5:40  Drone x8  
  65  5:47  Extractor x2  
  65  5:48  Extractor  
  62  5:56  Extractor  
  61  5:57  Extractor, Zergling x2  
  61  5:58  Zergling x8  
  65  6:14  Lair  
  65  6:16  Roach Warren  
  64  6:23  Drone  
  64  6:24  Drone x13  
  78  6:32  Hatchery  
  77  6:47  Evolution Chamber  
  77  6:48  Evolution Chamber  
  77  6:51  Spore Crawler  
  74  6:57  Spore Crawler  
  74  6:59  Spore Crawler x2  
  71  7:01  Spore Crawler  
  71  7:02  Spore Crawler  
  71  7:03  Zergling x2  
  71  7:04  Spore Crawler, Zergling x26  
  82  7:13  Pneumatized Carapace  
  82  7:14  Burrow  
  82  7:19  Glial Reconstitution  
  82  7:25  Hydralisk Den, Drone  
  82  7:26  Infestation Pit  
  82  7:27  Overlord  
  82  7:28  Overlord x6  
  81  7:33  Overseer x3  
  80  7:58  Drone  
  81  7:59  Drone x16  
  97  8:14  Zerg Missile Weapons Level 1, Zerg Ground Armor Level 1  
  97  8:19  Drone x6  
  101  8:20  Drone x2  
  101  8:31  Swarm Host x9  
  131  8:35  Hatchery  
  124  8:58  Baneling Nest, Hive  
  123  9:07  Extractor  
  123  9:09  Extractor  
  121  9:14  Infestor x5  
  131  9:19  Extractor  
  131  9:24  Extractor, Tunneling Claws  
  129  9:26  Grooved Spines  
  128  10:13  Drone x3  
  128  10:14  Viper x3, Drone  
  132  10:15  Viper x2  
  142  10:37  Muscular Augments  
  134  10:44  Zerg Ground Armor Level 2, Zerg Missile Weapons Level 2  
  134  10:45  Adrenal Glands  
  128  11:16  Hydralisk x5  
  128  11:17  Hydralisk x5  
  148  11:31  Overlord x2  
  148  11:32  Overlord x7  
  148  12:01  Pathogen Glands  
  148  12:14  Hydralisk  
  148  12:15  Hydralisk x13  
  156  12:38  Unknown  
  138  12:47  Viper x2  
  138  12:51  Hydralisk x3  
  138  12:52  Hydralisk  
  138  12:58  Neural Parasite  
  142  13:52  Ultralisk Cavern  
  142  13:53  Hydralisk x2  
  142  13:54  Hydralisk x14  
  112  14:29  Zergling x8  
  112  14:30  Zergling x28  
  132  15:02  Hatchery x2  
  132  15:06  Hatchery  
Tags
 
Composition
Swarm Host
League
Gold
Matchup
TvZ
Spawn Locations
Cross Positions
Add a new tag
Caveats
  • Supply blocks, unpowered buildings, or Contaminate may cause inaccurate times.
  • Supply counts are checked every 10 seconds.